TOP OF THE 1ST |
San Diego Smashers batting - Pitching for Culver City Extras : LHP Phil Paul
|
Pitching: LHP Phil Paul
|
|
Batting: SHB Chris Woods
|
0-0: Ball 1-0: Ball 2-0: Swinging Strike 2-1: Ball 3-1: Foul Ball, location: 2F 3-2: Base on Balls
|
Batting: LHB Ken Phillips
|
0-0: Ball 1-0: Ball 2-0: Called Strike 2-1: Ball 3-1: Base on Balls Chris Woods to second
|
Batting: RHB Fred Ameris
|
0-0: Called Strike 0-1: Ball 1-1: Ball 2-1: Foul Ball, location: 2F 2-2: Ball 3-2: Base on Balls Chris Woods to third Ken Phillips to second
|
Batting: RHB Manuel Muńóz
|
0-0: Called Strike 0-1: Foul Ball, location: 2F 0-2: Ball 1-2: Foul Ball, location: 2F 1-2: Ball 2-2: Strikes out looking
|
Batting: LHB Karl Hill
|
0-0: Ball 1-0: Called Strike 1-1: Ball 2-1: Foul Ball, location: 2F 2-2: Strikes out swinging
|
Batting: LHB Ramiro Martínez
|
0-0: Ball 1-0: Foul Ball, location: 2F 1-1: Foul Ball, location: 2F 1-2: Ball 2-2: Strikes out swinging
|
Top of the 1st over - 0 run(s), 0 hit(s), 0 error(s), 3 left on base; San Diego 0 - Culver City 0 |
BOTTOM OF THE 1ST |
Culver City Extras batting - Pitching for San Diego Smashers : RHP Carlos Trujillo
|
Pitching: RHP Carlos Trujillo
|
|
Batting: RHB Walton Smith
|
0-0: Ball 1-0: Ball 2-0: Ball 3-0: Called Strike 3-1: Called Strike 3-2: Base on Balls
|
Batting: LHB Nick English
|
0-0: Called Strike 0-1: Ball 1-1: Ball 2-1: Foul Ball, location: 2F 2-2: Foul Ball, location: 2F 2-2: Ball 3-2: Foul Ball, location: 2F 3-2: Strikes out looking
|
Batting: LHB Edmund Ross
|
0-0: Called Strike 0-1: Called Strike 0-2: Strikes out swinging
|
Batting: RHB Max Alexander
|
0-0: Ball 1-0: Fly out, F4 (Popup, 4)
|
Bottom of the 1st over - 0 run(s), 0 hit(s), 0 error(s), 1 left on base; San Diego 0 - Culver City 0 |
TOP OF THE 2ND |
San Diego Smashers batting - Pitching for Culver City Extras : LHP Phil Paul
|
Batting: RHB Jorge Collazo
|
0-0: Called Strike 0-1: Foul Ball, location: 2F 0-2: Ball 1-2: Ball 2-2: Ball 3-2: Strikes out swinging
|
Batting: RHB Ryan Cates
|
0-0: SINGLE (Groundball, 25) (infield hit)
|
Batting: LHB Francisco Medina
|
0-0: Foul Ball, location: 2F 0-1: Ball 1-1: Ball 2-1: Ball 3-1: Foul Ball, location: 2F 3-2: Base on Balls Ryan Cates to second
|
Batting: SHB Chris Woods
|
0-0: Swinging Strike 0-1: DOUBLE (Line Drive, 7D) Ryan Cates scores Francisco Medina to third
|
Batting: LHB Ken Phillips
|
0-0: Ball 1-0: Ball 2-0: Foul Ball, location: 2F 2-1: Ball 3-1: Base on Balls
|
Batting: RHB Fred Ameris
|
0-0: Ball 1-0: Ball 2-0: Called Strike 2-1: Ball 3-1: Foul Ball, location: 2F 3-2: SINGLE (Line Drive, 4D) Francisco Medina scores Chris Woods to third Ken Phillips to second
|
Batting: RHB Manuel Muńóz
|
0-0: Foul Ball, location: 2F 0-1: Foul Ball, location: 2F 0-2: Foul Ball, location: 2F 0-2: DOUBLE (Line Drive, 7D) Chris Woods scores Ken Phillips scores Fred Ameris to third
|
Batting: LHB Karl Hill
|
0-0: Called Strike 0-1: Ball 1-1: Ball 2-1: DOUBLE (Flyball, 7LS) Fred Ameris scores Manuel Muńóz scores
|
Batting: LHB Ramiro Martínez
|
0-0: Called Strike 0-1: SINGLE (Groundball, 34D) (infield hit) Karl Hill to third
|
Batting: RHB Jorge Collazo
|
0-0: Called Strike 0-1: Foul Ball, location: 2F 0-2: Ball 1-2: Ball 2-2: Strikes out swinging
|
Batting: RHB Ryan Cates
|
0-0: Ball 1-0: Ball 2-0: Ground out 6-3 (Groundball, 6)
|
Top of the 2nd over - 6 run(s), 6 hit(s), 0 error(s), 2 left on base; San Diego 6 - Culver City 0 |
BOTTOM OF THE 2ND |
Culver City Extras batting - Pitching for San Diego Smashers : RHP Carlos Trujillo
|
Batting: LHB Ronaldo Gois
|
0-0: SINGLE (Flyball, 6MD)
|
Batting: RHB Horace Johnson
|
0-0: Ball 1-0: Called Strike 1-1: SINGLE (Groundball, 4MD) Ronaldo Gois to second Runner from 2nd tries for 3rd, SAFE, throw made to third
|
Batting: RHB Artie Pennington
|
0-0: Ball Horace Johnson steals 2nd base 1-0: Swinging Strike 1-1: Foul Ball, location: 2F 1-2: Strikes out swinging
|
Batting: RHB Bob Magee
|
0-0: Ball 1-0: Called Strike 1-1: Ball 2-1: SINGLE (Line Drive, 9LS) Ronaldo Gois scores Horace Johnson to third
|
Batting: RHB Jesús Gonzáles
|
0-0: Ball 1-0: Called Strike 1-1: Ball 2-1: SINGLE (Line Drive, 7LS) Horace Johnson scores Bob Magee to second
|
Batting: RHB Walton Smith
|
0-0: Ball 1-0: Ball 2-0: SINGLE (Groundball, 56D) Bob Magee to third Jesús Gonzáles to second Runner from 3rd tries for Home, SAFE, throw made home
|
Batting: LHB Nick English
|
0-0: Ball 1-0: SINGLE (Groundball, 3D) Jesús Gonzáles to third Walton Smith to second Runner from 3rd tries for Home, SAFE, no throw or cutoff
|
Batting: LHB Edmund Ross
|
0-0: Ball 1-0: Foul Ball, location: 2F 1-1: Ball 2-1: Foul Ball, location: 2F 2-2: Strikes out swinging
|
Batting: RHB Max Alexander
|
0-0: Called Strike 0-1: Ball 1-1: Swinging Strike 1-2: SINGLE (Groundball, 56D) Walton Smith to third Nick English to second Runner from 3rd tries for Home, SAFE, no throw or cutoff
|
Batting: LHB Ronaldo Gois
|
0-0: Ground out 5-3 (Groundball, 56)
|
Bottom of the 2nd over - 5 run(s), 7 hit(s), 0 error(s), 2 left on base; San Diego 6 - Culver City 5 |
TOP OF THE 3RD |
San Diego Smashers batting - Pitching for Culver City Extras : LHP Phil Paul
|
Batting: LHB Francisco Medina
|
0-0: Called Strike 0-1: Swinging Strike 0-2: Foul Ball, location: 2F 0-2: Strikes out swinging
|
Batting: SHB Chris Woods
|
0-0: Called Strike 0-1: Fly out, F7 (Line Drive, 78M)
|
Batting: LHB Ken Phillips
|
0-0: Called Strike 0-1: Foul Ball, location: 2F 0-2: Ball 1-2: Ball 2-2: Fly out, F5 (Popup, 5DF)
|
Top of the 3rd over - 0 run(s), 0 hit(s), 0 error(s), 0 left on base; San Diego 6 - Culver City 5 |
BOTTOM OF THE 3RD |
Culver City Extras batting - Pitching for San Diego Smashers : RHP Carlos Trujillo
|
Batting: RHB Horace Johnson
|
0-0: Called Strike 0-1: Ball 1-1: Ball 2-1: Ball 3-1: Bunted foul 3-2: SINGLE (Groundball, 6MD)
|
Batting: RHB Artie Pennington
|
0-0: Ball 1-0: Ball 2-0: Swinging Strike 2-1: Called Strike Horace Johnson steals 2nd base 2-2: Fly out, F3 (Line Drive, 3S)
|
Batting: RHB Bob Magee
|
0-0: Swinging Strike 0-1: Foul Ball, location: 2F 0-2: Ball 1-2: Strikes out swinging
|
Batting: RHB Jesús Gonzáles
|
0-0: Called Strike 0-1: Ball 1-1: Ball 2-1: SINGLE (Groundball, 56) Horace Johnson to third Runner from 3rd tries for Home, SAFE, no throw or cutoff
|
Pitching: LHP Nesto Pérez
|
|
Batting: RHB Walton Smith
|
0-0: Ball 1-0: Called Strike 1-1: Ball 2-1: Ball 3-1: Base on Balls Jesús Gonzáles to second
|
Batting: LHB Nick English
|
0-0: Ball 1-0: Ball 2-0: Ball 3-0: Base on Balls Jesús Gonzáles to third Walton Smith to second
|
Batting: LHB Edmund Ross
|
0-0: Foul Ball, location: 2F 0-1: Swinging Strike 0-2: Fly out, F8 (Flyball, 8RM)
|
Bottom of the 3rd over - 1 run(s), 2 hit(s), 0 error(s), 3 left on base; San Diego 6 - Culver City 6 |
TOP OF THE 4TH |
San Diego Smashers batting - Pitching for Culver City Extras : LHP Phil Paul
|
Batting: RHB Fred Ameris
|
0-0: Foul Ball, location: 2F 0-1: Foul Ball, location: 2F 0-2: Fly out, F3 (Popup, 9LSF)
|
Batting: RHB Manuel Muńóz
|
0-0: Ball 1-0: Called Strike 1-1: Fly out, F7 (Flyball, 7D)
|
Batting: LHB Karl Hill
|
0-0: Ball 1-0: Foul Ball, location: 2F 1-1: Ball 2-1: SINGLE (Flyball, 7LM)
|
Pitching: LHP Jesús Morán
|
|
Batting: LHB Ramiro Martínez
|
0-0: Ball 1-0: Called Strike 1-1: Ball 2-1: Ball 3-1: Base on Balls Karl Hill to second
|
Batting: RHB Jorge Collazo
|
0-0: Ball 1-0: Ball 2-0: Foul Ball, location: 2F 2-1: Foul Ball, location: 2F 2-2: Fly out, F3 (Popup, 3SF)
|
Top of the 4th over - 0 run(s), 1 hit(s), 0 error(s), 2 left on base; San Diego 6 - Culver City 6 |
BOTTOM OF THE 4TH |
Culver City Extras batting - Pitching for San Diego Smashers : LHP Nesto Pérez
|
Batting: RHB Max Alexander
|
0-0: Foul Ball, location: 2F 0-1: SINGLE (Flyball, 89S)
|
Batting: LHB Ronaldo Gois
|
0-0: Ball 1-0: Ball 2-0: Swinging Strike 2-1: Ground out 3-1 (Groundball, 34) Max Alexander to second
|
Batting: RHB Horace Johnson
|
0-0: Called Strike 0-1: Foul Ball, location: 2F 0-2: Ball 1-2: 2-RUN HOME RUN (Flyball, 7D), Distance : 374 ft
|
Batting: RHB Artie Pennington
|
0-0: Ball 1-0: Ball 2-0: Called Strike 2-1: Ball 3-1: Base on Balls
|
Batting: RHB Bob Magee
|
0-0: Called Strike 0-1: Ball 1-1: Foul Ball, location: 2F 1-2: Ball 2-2: Grounds into double play, 6-4-3 (Groundball, 6)
|
Bottom of the 4th over - 2 run(s), 2 hit(s), 0 error(s), 0 left on base; San Diego 6 - Culver City 8 |
TOP OF THE 5TH |
San Diego Smashers batting - Pitching for Culver City Extras : LHP Jesús Morán
|
Batting: RHB Ryan Cates
|
0-0: Called Strike 0-1: Ball 1-1: Swinging Strike 1-2: Ball 2-2: Foul Ball, location: 2F 2-2: Ball 3-2: Strikes out looking
|
Batting: LHB Francisco Medina
|
0-0: Ball 1-0: TRIPLE (Line Drive, 9LS)
|
Batting: SHB Chris Woods
|
0-0: Fly out, F8 (Flyball, 8LM) Runner from 3rd tags up, SCORES, no throw
|
Batting: LHB Ken Phillips
|
0-0: Ball 1-0: Called Strike 1-1: Ball 2-1: SINGLE (Line Drive, 4MD)
|
Batting: RHB Fred Ameris
|
0-0: Ball 1-0: Ball 2-0: Called Strike 2-1: Ball 3-1: Base on Balls Ken Phillips to second
|
Batting: RHB Manuel Muńóz
|
0-0: Ball 1-0: DOUBLE (Line Drive, 78XD) Ken Phillips scores Fred Ameris to third Runner from 3rd tries for Home, SAFE, no throw or cutoff
|
Batting: LHB Karl Hill
|
0-0: Ball 1-0: Ball 2-0: Ball 3-0: Base on Balls
|
Batting: LHB Ramiro Martínez
|
0-0: Called Strike 0-1: Fly out, F3 (Line Drive, 3S)
|
Top of the 5th over - 3 run(s), 3 hit(s), 0 error(s), 2 left on base; San Diego 9 - Culver City 8 |
BOTTOM OF THE 5TH |
Culver City Extras batting - Pitching for San Diego Smashers : LHP Nesto Pérez
|
Batting: RHB Jesús Gonzáles
|
0-0: Called Strike 0-1: Swinging Strike 0-2: Foul Ball, location: 2F 0-2: Ball 1-2: Ball 2-2: Ball 3-2: Foul Ball, location: 2F 3-2: Strikes out swinging
|
Batting: RHB Walton Smith
|
0-0: Ball 1-0: Ball 2-0: Fly out, F6 (Line Drive, 6)
|
Batting: LHB Nick English
|
0-0: Called Strike 0-1: Ground out 3-1 (Groundball, 34)
|
Bottom of the 5th over - 0 run(s), 0 hit(s), 0 error(s), 0 left on base; San Diego 9 - Culver City 8 |
TOP OF THE 6TH |
San Diego Smashers batting - Pitching for Culver City Extras : LHP Jesús Morán
|
Pitching: RHP Pedro Días
|
|
Batting: RHB Jorge Collazo
|
0-0: Ball 1-0: Foul Ball, location: 2F 1-1: Foul Ball, location: 2F 1-2: Strikes out swinging
|
Batting: RHB Ryan Cates
|
0-0: Foul Ball, location: 2F 0-1: Ball 1-1: Ball 2-1: Foul Ball, location: 2F 2-2: Foul Ball, location: 2F 2-2: Strikes out swinging
|
Batting: LHB Francisco Medina
|
0-0: Ball 1-0: Called Strike 1-1: Ball 2-1: Foul Ball, location: 2F 2-2: Foul Ball, location: 2F 2-2: Ball 3-2: Base on Balls
|
Batting: SHB Chris Woods
|
0-0: Foul Ball, location: 2F 0-1: Ball 1-1: Foul Ball, location: 2F 1-2: Foul Ball, location: 2F 1-2: Foul Ball, location: 2F 1-2: Foul Ball, location: 2F 1-2: Ball Francisco Medina steals 2nd base 2-2: Ground out 3-6 (Groundball, 3L)
|
Top of the 6th over - 0 run(s), 0 hit(s), 0 error(s), 1 left on base; San Diego 9 - Culver City 8 |
BOTTOM OF THE 6TH |
Culver City Extras batting - Pitching for San Diego Smashers : LHP Nesto Pérez
|
Pitching: LHP Jesús Martínez
|
|
Batting: LHB Edmund Ross
|
0-0: Ball 1-0: Called Strike 1-1: Called Strike 1-2: Strikes out swinging
|
Batting: RHB Max Alexander
|
0-0: Ball 1-0: Ground out 5-3 (Groundball, 56)
|
Batting: LHB Ronaldo Gois
|
0-0: Called Strike 0-1: Swinging Strike 0-2: Foul Ball, location: 2F 0-2: Foul Ball, location: 2F 0-2: Foul Ball, location: 2F 0-2: Ball 1-2: Strikes out swinging
|
Bottom of the 6th over - 0 run(s), 0 hit(s), 0 error(s), 0 left on base; San Diego 9 - Culver City 8 |
TOP OF THE 7TH |
San Diego Smashers batting - Pitching for Culver City Extras : RHP Pedro Días
|
Batting: LHB Ken Phillips
|
0-0: Ball 1-0: Foul Ball, location: 2F 1-1: Ball 2-1: SINGLE (Line Drive, 7LM)
|
Batting: RHB Fred Ameris
|
0-0: Swinging Strike 0-1: Foul Ball, location: 2F 0-2: Ball 1-2: Ball 2-2: Strikes out swinging
|
Batting: RHB Manuel Muńóz
|
0-0: Grounds into double play, 5-4-3 (Groundball, 5L)
|
Top of the 7th over - 0 run(s), 1 hit(s), 0 error(s), 0 left on base; San Diego 9 - Culver City 8 |
BOTTOM OF THE 7TH |
Culver City Extras batting - Pitching for San Diego Smashers : LHP Jesús Martínez
|
Batting: RHB Horace Johnson
|
0-0: Ball 1-0: Ball 2-0: Called Strike 2-1: Ground out 5-3 (Groundball, 56)
|
Batting: RHB Artie Pennington
|
0-0: Called Strike 0-1: Foul Ball, location: 2F 0-2: Ball 1-2: Ball 2-2: Foul Ball, location: 2F 2-2: SINGLE (Line Drive, 4)
|
Pinch Hitting: RHB Tony Cruz
|
0-0: Ball Artie Pennington steals 2nd base 1-0: Fly out, F4 (Popup, 4)
|
Batting: RHB Jesús Gonzáles
|
0-0: Ball 1-0: Ball 2-0: Called Strike 2-1: Ball 3-1: Base on Balls
|
Batting: RHB Walton Smith
|
0-0: Ball 1-0: Foul Ball, location: 2F 1-1: Ground out 6-3 (Groundball, 6)
|
Bottom of the 7th over - 0 run(s), 1 hit(s), 0 error(s), 2 left on base; San Diego 9 - Culver City 8 |
TOP OF THE 8TH |
San Diego Smashers batting - Pitching for Culver City Extras : RHP Pedro Días
|
Pitching: RHP Sergio Romo
|
|
Now at 3B: Richard Bell
|
|
Batting: LHB Karl Hill
|
0-0: Ground out 4-3 (Groundball, 4M)
|
Batting: LHB Ramiro Martínez
|
0-0: Called Strike 0-1: Fly out, F8 (Flyball, 8RS)
|
Batting: RHB Jorge Collazo
|
0-0: Ball 1-0: Ball 2-0: Foul Ball, location: 2F 2-1: Ground out 1-3 (Groundball, 15)
|
Top of the 8th over - 0 run(s), 0 hit(s), 0 error(s), 0 left on base; San Diego 9 - Culver City 8 |
BOTTOM OF THE 8TH |
Culver City Extras batting - Pitching for San Diego Smashers : LHP Jesús Martínez
|
Batting: LHB Nick English
|
0-0: Ball 1-0: Called Strike 1-1: Ground out 4-3 (Groundball, 4S)
|
Batting: LHB Edmund Ross
|
0-0: SINGLE (Line Drive, 6MD)
|
Pitching: RHP Joe Shoemaker
|
|
Pinch Hitting: LHB Benny Richard
|
0-0: Called Strike 0-1: Grounds into double play, 3-6-3 (Groundball, 3)
|
Bottom of the 8th over - 0 run(s), 1 hit(s), 0 error(s), 0 left on base; San Diego 9 - Culver City 8 |
TOP OF THE 9TH |
San Diego Smashers batting - Pitching for Culver City Extras : RHP Sergio Romo
|
Pitching: RHP Alden Parker
|
|
Now at 1B: Benny Richard
|
|
Batting: RHB Ryan Cates
|
0-0: Called Strike 0-1: Called Strike 0-2: Foul Ball, location: 2F 0-2: Strikes out swinging
|
Batting: LHB Francisco Medina
|
0-0: Ball 1-0: Called Strike 1-1: Swinging Strike 1-2: Ball 2-2: Ball 3-2: Base on Balls
|
Batting: SHB Chris Woods
|
0-0: Ball 1-0: Called Strike 1-1: Ball 2-1: Ball 3-1: Foul Ball, location: 2F 3-2: Strikes out swinging
|
Batting: LHB Ken Phillips
|
0-0: Ball 1-0: Ball 2-0: SINGLE (Line Drive, 89S) Francisco Medina to second
|
Batting: RHB Fred Ameris
|
0-0: Ball 1-0: Called Strike 1-1: TRIPLE (Line Drive, 89D) Francisco Medina scores Ken Phillips scores
|
Batting: RHB Manuel Muńóz
|
0-0: Swinging Strike 0-1: Ball 1-1: Called Strike 1-2: Strikes out swinging
|
Top of the 9th over - 2 run(s), 2 hit(s), 0 error(s), 1 left on base; San Diego 11 - Culver City 8 |
BOTTOM OF THE 9TH |
Culver City Extras batting - Pitching for San Diego Smashers : RHP Joe Shoemaker
|
Pitching: RHP Jeremy Murray
|
|
Batting: LHB Ronaldo Gois
|
0-0: Foul Ball, location: 2F 0-1: Called Strike 0-2: Ball 1-2: Strikes out swinging
|
Batting: RHB Horace Johnson
|
0-0: Fly out, F9 (Flyball, 89M)
|
Batting: RHB Artie Pennington
|
0-0: Ball 1-0: Foul Ball, location: 2F 1-1: Ball 2-1: Swinging Strike 2-2: Foul Ball, location: 2F 2-2: Strikes out looking
|
Bottom of the 9th over - 0 run(s), 0 hit(s), 0 error(s), 0 left on base; San Diego 11 - Culver City 8 |
|